 Dungeon Crawl Stone Soup version 0.28-a0-1038-g9c4cb8273d (webtiles) character file.

Game seed: 6205462211295757858

129 Decritt the Skirmisher (level 4, -3/41 HPs)
             Began as a Minotaur Fighter on Dec 8, 2021.
             Slain by an orc wizard (4 damage)
             ... on level 3 of the Dungeon.
             The game lasted 00:04:40 (2363 turns).

Decritt the Skirmisher (Minotaur Fighter)           Turns: 2363, Time: 00:04:41

Health: -3/41      AC:  7    Str: 23    XL:     4   Next: 88%
Magic:  3/3        EV: 10    Int:  5    God:
Gold:   69         SH:  0    Dex:  9    Spells: 3/3 levels left

rFire   . . .      SeeInvis .   e - +1 flail (protect)
rCold   . . .      Faith    .   c - +0 buckler
rNeg    . . .      Spirit   .   b - +0 scale mail
rPois   .          Reflect  .   (helmet restricted)
rElec   .          Harm     .   (no cloak)
rCorr   .          Rampage  .   (no gloves)
Will    .....                   (no boots)
Stlth   ..........              (no amulet)
HPRegen 0.13/turn               (no ring)
MPRegen 0.08/turn               (no ring)

@: confused, mighty
A: horns 2, retaliatory headbutt
a: no special abilities


You were on level 3 of the Dungeon.
You visited 1 branch of the dungeon, and saw 4 of its levels.

You collected 69 gold pieces.

Inventory:

Hand Weapons
 a - a +0 war axe
 e - a +1 flail of protection (weapon)
Armour
 b - a +0 scale mail (worn)
 c - a +0 buckler (worn)
Jewellery
 g - a ring of wizardry
 j - a ring of wizardry
Scrolls
 i - 2 scrolls of teleportation {unknown}
 l - a scroll of fog {unknown}
 n - a scroll of torment {unknown}
 o - 2 scrolls of identify {unknown}
 p - a scroll of silence {unknown}
Potions
 f - 3 potions of magic {unknown}
 h - a potion of attraction {unknown}
 k - a potion of lignification {unknown}
 m - a potion of curing {unknown}
 q - a potion of brilliance {unknown}


   Skills:
 * Level 4.8 Fighting
 + Level 3.3 Axes
 + Level 4.3 Armour
 + Level 1.9 Dodging
 + Level 4.2 Shields


You had 3 spell levels left.
You didn't know any spells.
Your spell library was empty.

Dungeon Overview and Level Annotations

Branches:
Dungeon (4/15)
 Temple: D:4-7

Altars:


Innate Abilities, Weirdness & Mutations

You have a pair of horns on your head.
You reflexively headbutt those who attack you in melee.


Message History

You block the orc priest's attack.
You are too injured to fight recklessly!
Unknown command.
You are too injured to fight recklessly!
You are too injured to fight recklessly!
Unknown command.
There are monsters nearby!
There are monsters nearby!
There are monsters nearby!
You hit the orc priest.
Your weapon exudes an aura of protection.
The orc priest is almost dead.
The orc wizard casts a spell.
The orc wizard flickers and vanishes!
Deactivating autopickup; reactivate with Ctrl-A.
The orc wizard casts a spell at you.
The puff of flame hits you but does no damage.
You block the orc's attack. The orc priest hits you with a +0 whip.
* * * LOW HITPOINT WARNING * * *
Something hits you but does no damage.
You feel very mighty all of a sudden.
The orc wizard hits you but does no damage.
The orc hits you but does no damage.
The orc priest begins to cast a cantrip, but forgets the words!
You hear some strange, mumbled words.
You are confused.
You bump into the rock wall.
The orc wizard hits you but does no damage.
The orc hits you but does no damage.
The orc priest begins to cast a cantrip, but forgets the words!
Something hits you but does no damage.
You bump into the rock wall.
The orc wizard completely misses you. The orc hits you but does no damage.
The orc priest closely misses you.
You hear some strange, mumbled words.
A magic dart appears from out of thin air!
The magic dart hits you!
* * * LOW HITPOINT WARNING * * *
You closely miss something.
The orc wizard hits you with a +0 dagger.
You die...

#.# #.#.# ## #.# #.#.# # #.#
#.#.# # #.# #.#.# # #.# #.#.#
# #.# #.#.#####
#########.###########........
#.........##{oo.....(...#....
#.##########@########...)....
#.##########o# ##.##.##.
#..........o.# #.##.##.
#..########### #.##.##.
#####..# ##########.##....
.....<.# #..........#####.
#####..# #.#######..# #. ##.#
#.# #..# ## #.# #.# #..######


You could see an orc priest, an orc wizard and 2 orcs.

Vanquished Creatures
  A bullfrog skeleton (D:3)
  An iguana (D:3)
  3 worms
  2 dart slugs
  An orc (D:4)
  6 endoplasms
  7 goblins
  4 hobgoblins
  3 jackals (D:1)
  2 quokkas (D:3)
  7 ball pythons
  5 bats
  A frilled lizard (D:1)
  10 kobolds
  5 rats
58 creatures vanquished.

Notes
Turn   | Place    | Note
-------+----------+-------------------------------------------
     0 | D:1      | Decritt the Minotaur Fighter began the quest for the Orb.
     0 | D:1      | Reached XP level 1. HP: 19/19 MP: 0/0
   225 | D:1      | Reached XP level 2. HP: 27/27 MP: 1/1
   574 | D:1      | Reached skill level 1 in Dodging
   607 | D:1      | Reached XP level 3. HP: 33/33 MP: 2/2
   898 | D:2      | Found a faded altar of an unknown god.
  1671 | D:3      | Reached XP level 4. HP: 36/41 MP: 3/3
  2362 | D:3      | HP: 1/41 [something/magic dart (7)]
  2363 | D:3      | Slain by an orc wizard

Illustrated notes

Levels and vault maps discovered:
D:1:      mushboom_english_gardens, layout_loops_ring, minmay_tetromino_s2
D:2:      layout_loops_ring, chequers_ecumenical_altar_simple
D:3:      layout_loops_ring
D:4:      layout_loops_cross, minmay_unequal, uniq_duvessa

Skill      XL: |  1  2  3 |
---------------+----------+-----
Fighting       | 4 |  4.8
Dodging        | 1 |  1.9
Axes           | 3 |  3.3
Armour         | 4 |  4.3
Shields        | 4 |  4.2

Action                   |  1- 3 |  4- 6 || total
-------------------------+-------+-------++-------
Melee: Flail             |    79 |    38 ||   117
       Headbutt          |    15 |     6 ||    21
  Use: Potion            |       |     1 ||     1
Armor: Scale mail        |    32 |    26 ||    58
Dodge: Dodged            |    40 |    34 ||    74
Block: Buckler           |    17 |    15 ||    32

Table legend: (Time is in decaauts)
 A = Elapsed time spent in this place.
 B = Non-inter-level travel time spent in this place.
 C = Inter-level travel time spent in this place.
 D = Time resting spent in this place.
 E = Time spent auto-exploring this place.
 F = Levels seen in this place.
 G = Mean time per level.
                   A        B        C        D        E       F      G
               +--------+--------+--------+--------+--------+-----+--------+
         Total |   2399 |   2306 |     93 |      0 |   1912 |   4 |  599.8 |
       Dungeon |   2399 |   2306 |     93 |      0 |   1912 |   4 |  599.8 |
               +--------+--------+--------+--------+--------+-----+--------+

Top non-repeatable levels by time:
     D:3: 889 daAuts
     D:1: 859 daAuts
     D:2: 641 daAuts
     D:4: 9 daAuts
